 Dungeon Crawl Stone Soup version 0.31-a0-640-g39d97e502b (webtiles) character file.

Game seed: 2556409326714081299

86 qw the Shooter (level 4, 0/28 HPs)
             Began as a Gargoyle Hunter on Aug 27, 2023.
             Slain by an orc
             ... wielding a +0 club
              (2 damage)
             ... on level 3 of the Dungeon.
             The game lasted 00:00:34 (1125 turns).

qw the Shooter (Gargoyle Hunter)                    Turns: 1125, Time: 00:00:34

Health: 0/28       AC: 10    Str: 15    XL:     4   Next: 50%
Magic:  4/4        EV: 16    Int:  9    God:
Gold:   25         SH:  0    Dex: 15    Spells: 3/3 levels left

rFire   . . .        Y - +0 shortbow
rCold   + . .        (shield currently unavailable)
rNeg    + . .        i - +0 ring mail
rPois   inf          (no helmet)
rElec   +            (no cloak)
rCorr   .            d - +1 pair of gloves
SInv    .            (no boots)
Will    .....        (no amulet)
Stlth   +            a - +5 ring of evasion
HPRegen 0.24/turn    e - ring of protection from cold
MPRegen 0.09/turn

%: no passive effects
@: no status effects
A: sickness immunity, AC +3, negative energy resistance 1, electricity
resistance, torment resistance 1, petrification resistance
a: no special abilities


You were on level 3 of the Dungeon.
You visited 1 branch of the dungeon, and saw 3 of its levels.

You collected 25 gold pieces.


Innate Abilities, Weirdness & Mutations

You are immune to sickness and miasma.
Your stone body is resilient. (AC +3)
You are immune to poison.
You resist negative energy. (rN+)
You are resistant to electric shocks. (rElec)
You are resistant to unholy torment.
You are immune to petrification.


   Skills:
 - Level 3.5 Fighting
 + Level 5.0 Ranged Weapons
 - Level 1.0 Armour
 - Level 1.5 Dodging
 - Level 1.1 Stealth


You had 3 spell levels left.
You didn't know any spells.
Your spell library was empty.

Inventory:

Hand Weapons
 Y - a +0 shortbow (weapon)
Armour
 d - a +1 pair of gloves (worn)
 i - a +0 ring mail (worn)
Jewellery
 a - a +5 ring of evasion (left hand)
 e - a ring of protection from cold (right hand)
 j - a ring of protection from fire
Potions
 b - a potion of might {unknown}
 f - a potion of mutation {unknown}
 g - a potion of curing {unknown}

Dungeon Overview and Level Annotations

Branches:
Dungeon (3/15)

Altars:

Shops:
D:2 *


Message History

The orc is heavily wounded.
The kobold barely misses you. The orc hits you but does no damage.
The orc barely misses you. x2
You shoot an arrow. The arrow hits the orc!
You kill the orc!
The kobold hits you but does no damage. The orc hits you but does no damage.
The orc misses you. The orc closely misses you.
You shoot an arrow.
The arrow hits the orc but does no damage.
The kobold misses you. The orc barely misses you. x3
The orc hits you with a +0 club. The orc hits you but does no damage. x2
The kobold barely misses you. The orc closely misses you.
The orc hits you but does no damage.
You shoot an arrow. The arrow closely misses the orc.
The kobold hits you but does no damage. The orc hits you but does no damage.
The orc barely misses you. The orc closely misses you.
The orc hits you but does no damage.
You shoot an arrow. The arrow hits the orc.
The orc is heavily wounded.
The kobold closely misses you. The orc misses you. The orc closely misses you.
The orc misses you. The orc barely misses you.
You shoot an arrow. The arrow hits the orc.
The orc is severely wounded.
The kobold hits you but does no damage. The orc barely misses you. x2
The orc hits you but does no damage. x2
You shoot an arrow. The arrow hits the orc.
You kill the orc!
The orc closely misses you. The kobold closely misses you.
The orc closely misses you. x2; The kobold hits you but does no damage.
The orc barely misses you. The orc closely misses you.
The orc completely misses you.
Your Armour skill increases to level 1!
You shoot an arrow. The arrow closely misses the orc.
The orc completely misses you. The orc barely misses you. x2
The kobold barely misses you.
You shoot an arrow. The arrow hits the orc.
The orc is almost dead.
The orc barely misses you. The orc hits you with a +0 hand axe.
The orc hits you with a +0 club.
You die...

.. #..
...#######.
##.#........ #
........... ..
#.........#
+#.#.#o#).#.....
......o@)....#
.....#Ko<.#.##
......(...#
......#...#
####.##..# ..
.... .. ...#.
### ...... .....
.


You could see 3 orcs and a kobold.

Vanquished Creatures
  Jessica (D:2)
  A worm (D:3)
  2 dart slugs
  4 orcs (D:3)
  5 ball pythons
  5 endoplasms
  7 goblins
  A hobgoblin (D:1)
  3 jackals (D:1)
  3 kobolds
  A quokka (D:1)
  7 bats
  3 frilled lizards
  2 rats (D:1)
45 creatures vanquished.

Notes
Turn   | Place    | Note
-------+----------+-------------------------------------------
     0 | D:1      | qw the Gargoyle Hunter began the quest for the Orb.
     0 | D:1      | Reached XP level 1. HP: 12/12 MP: 1/1
     0 | D:1      | 0 ||| qw: Version: 0.3-a-74-g0d5e918
     0 | D:1      | 0 ||| qw: Game counter: 2
     0 | D:1      | 0 ||| qw: Melee chars always use a shield: true
     0 | D:1      | 0 ||| qw: God list: Okawaru
     0 | D:1      | 0 ||| qw: Allow faded altars: false
     0 | D:1      | 0 ||| qw: Do Orc after clearing Dungeon:15 true
     0 | D:1      | 0 ||| qw: Do second Lair branch before Depths: true
     0 | D:1      | 0 ||| qw: Lair rune preference: random
     0 | D:1      | 0 ||| qw: Goals: Normal
     0 | D:1      | 0 ||| PLANNING D:1-11
    70 | D:1      | Reached XP level 2. HP: 11/17 MP: 2/2
   152 | D:1      | You fall into a shaft and drop 1 floor!
   156 | D:2      | 156 ||| READING scroll labelled ERHELENELIM.
   157 | D:2      | 157 ||| READING scroll labelled NOUCVAODGHO.
   158 | D:2      | 158 ||| DROPPING scroll of butterflies.
   240 | D:1      | Reached XP level 3. HP: 20/21 MP: 3/3
   265 | D:1      | Reached skill level 5 in Ranged Weapons
   466 | D:1      | 466 ||| UPGRADING to +5 ring of evasion.
   467 | D:1      | 467 ||| READING scroll labelled XEFEYB DOAGUNY.
   656 | D:2      | Found Yjeackysch's Assorted Antiques.
   664 | D:2      | 664 ||| SHOPLISTING dark potion (28 gold, have 25).
   664 | D:2      | 664 ||| SHOPLISTING encrusted bone wand (128 gold, have
                  | 25).
   664 | D:2      | 664 ||| SHOPLISTING lumpy silvery potion (28 gold, have
                  | 25).
   664 | D:2      | 664 ||| SHOPLISTING ring mail (128 gold, have 25).
   664 | D:2      | 664 ||| SHOPLISTING scroll labelled CIG JESAAWAH (32 gold,
                  | have 25).
   664 | D:2      | 664 ||| SHOPLISTING scroll of identify (64 gold, have 25).
   689 | D:2      | Noticed Jessica
   691 | D:2      | Killed Jessica
   692 | D:2      | Reached skill level 3 in Fighting
   692 | D:2      | Reached XP level 4. HP: 28/28 MP: 4/4
   967 | D:2      | 967 ||| UPGRADING to +1 pair of gloves.
   972 | D:2      | 972 ||| UPGRADING to +0 ring mail.
   982 | D:2      | 982 ||| DROPPING +0 leather armour.
   983 | D:2      | 983 ||| UPGRADING to ring of protection from cold.
   984 | D:2      | 984 ||| READING scroll labelled NIBBIU ZIRO.
  1098 | D:3      | 1098 ||| Stepping ~*~*~tactically~*~*~ (retreating).
  1112 | D:3      | HP: 6/28 [orc/+0 club (2)]
  1119 | D:3      | HP: 4/28 [orc/+0 club (2)]
  1124 | D:3      | Reached skill level 1 in Armour
  1125 | D:3      | HP: 2/28 [orc/+0 hand axe (4)]
  1125 | D:3      | Slain by an orc

Levels and vault maps discovered:
D:1:      minmay_arrival_loop, layout_rooms
D:2:      layout_loops_cross, serial_shops, nicolae_shop_pleasant_corner_grove,
          reono_crystal_passage, uniq_jessica
D:3:      layout_basic

Skill      XL: |  1  2  3  4 |
---------------+-------------+-----
Ranged Weapons | 5 |  5.0
Fighting       | 3 |  3.5
Armour         | 1 |  1.0
Dodging        | |  1.5
Stealth        | |  1.1

Action                     |  1- 3 |  4- 6 || total
---------------------------+-------+-------++-------
   Fire: Shortbow          |    93 |    39 ||   132
    Use: Scroll            |     3 |     1 ||     4
 Armour: Leather armour    |    12 |       ||    12
         Ring mail         |       |    33 ||    33
  Dodge: Dodged            |    15 |    87 ||   102

Table legend:
 A = Non-vault XP
 B = Vault XP
 C = Vault XP percentage of total XP
 D = Non-vault monster count
 E = Vault monster count
 F = Vault count percentage of total count
                 A         B        C        D         E       F
            +---------+---------+-------+---------+---------+-------
      Total |      87 |      37 |  29.8 |      44 |       1 |   2.2
            +---------+---------+-------+---------+---------+-------
        D:1 |      48 |       0 |   0.0 |      27 |       0 |   0.0
        D:2 |      22 |      37 |  62.7 |      12 |       1 |   7.7
        D:3 |      17 |       0 |   0.0 |       5 |       0 |   0.0
            +---------+---------+-------+---------+---------+-------
